 Dungeon Crawl Stone Soup version 0.31-a0-217-g58bb5d79cf (webtiles) character file.

Game seed: 5580336523577910578

146 sanka the Conjurer (level 4, -1/33 HPs)
             Began as a Demigod Conjurer on July 2, 2023.
             Slain by Edmund
             ... wielding a +0 flail of protection
              (8 damage)
             ... on level 4 of the Dungeon.
             The game lasted 00:03:45 (3504 turns).

sanka the Conjurer (Demigod Conjurer)               Turns: 3504, Time: 00:03:45

Health: -1/33      AC:  2    Str:  8    XL:     4   Next: 79%
Magic:  9/9        EV: 12    Int: 24    God:
Gold:   189        SH:  0    Dex: 12    Spells: 4/7 levels left

rFire   . . .        p - +2 dagger (venom)
rCold   . . .        (no shield)
rNeg    . . .        a - +0 robe
rPois   .            (no helmet)
rElec   .            (no cloak)
rCorr   .            (no gloves)
SInv    .            (no boots)
Will    .....        (no amulet)
Stlth   ++           (no ring)
HPRegen 0.25/turn    (no ring)
MPRegen 0.11/turn

%: no passive effects
@: no status effects
A: high MP 1, forlorn, divine attributes
a: no special abilities


You were on level 4 of the Dungeon.
You visited 1 branch of the dungeon, and saw 4 of its levels.

You collected 189 gold pieces.


Innate Abilities, Weirdness & Mutations

You have an increased reservoir of magic. (+10% MP)
You shall have no god before yourself.
Your divine heritage dramatically boosts your attributes as you level up.


   Skills:
 - Level 1.7 Dodging
 - Level 1.7 Stealth
 - Level 2.0 Spellcasting
 + Level 5.7 Conjurations


You had 4 spell levels left.
You knew the following spells:

 Your Spells              Type           Power      Damage    Failure   Level
x - Searing Ray           Conj           60%        2d6       1%          2
z - Magic Dart            Conj           100%       1d8       1%          1

Your spell library contained the following spells:

 Spells                   Type           Power      Damage    Failure   Level
 Dazzling Flash           Conj/Hex       32%        N/A       11%         3
 Ozocubu's Armour         Ice            2%         N/A       34%         3
 Fulminant Prism          Conj/Hex       8%         3d7       36%         4
 Iskenderun's Mystic Bla  Conj/Tloc      16%        2d5       36%         4
 Metabolic Englaciation   Hex/Ice        1%         N/A       97%         5
 Simulacrum               Ice/Necr       1%         N/A       100%        6

Inventory:

Hand Weapons
 b - a +0 flail
 p - a +2 dagger of venom (weapon)
Missiles
 k - 5 javelins
Armour
 a - a +0 robe (worn)
Jewellery
 n - a ring of fire
Scrolls
 e - 2 scrolls of amnesia {unknown}
 h - 2 scrolls of teleportation {unknown}
 j - 5 scrolls of identify {unknown}
 l - a scroll of poison {unknown}
 m - a scroll of brand weapon {unknown}
 o - 3 scrolls of revelation {unknown}
 q - a scroll of enchant weapon {unknown}
Potions
 c - a potion of attraction {unknown}
 d - a potion of enlightenment {unknown}
 f - 4 potions of degeneration {unknown}
 g - a potion of lignification {unknown}
 i - 2 potions of haste {unknown}
 r - a potion of magic
 s - a potion of mutation {unknown}

Dungeon Overview and Level Annotations

Branches:
Dungeon (4/15)
 Temple: D:4-7

Annotations:
D:4 Edmund, Ijyb

▒▒.P...▒▒.......▒▒
▒▒....♣P..........▒
▒...P.♣♣......<@.g'
▒......♣P♣........▒
▒.▒...PP♣♣P......▒▒
▒.▒▒▒5.P.♣PP....▒▒
▒.....†..♣♣....▒▒
▒..@..▒▒...♣.+▒▒
▒▒p▒▒▒▒▒▒▒.P..▒ ▒.▒
▒....▒ ▒.▒ ▒▒▒..▒▒
▒.▒▒▒▒▒▒▒▒▒...▒▒
▒........▒.....▒
▒▒▒▒▒▒▒▒.▒▒.<.▒▒▒▒
▒...........
▒▒.▒▒▒▒▒▒▒▒▒ ▒▒▒


You could see Edmund and a white imp.


Message History

Edmund says, "I might not be good at magic, but I can still kill you!"
You open the door.
There is an open door here.
Edmund says, "I'm quite good with sums, too."
There is a stone staircase leading up here.
You climb upwards.
There is a stone staircase leading down here.
Okay, then.
Magic restored.
There is a stone staircase leading down here.
You climb downwards.
Level annotation: Edmund, Ijyb
There is a stone staircase leading up here.
Unknown command.
A white imp comes into view.
The white imp moves out of view.
The white imp gestures at you. The puff of frost hits you.
Unknown command.
Edmund attacks as you move away!
Edmund hits you with a +0 flail of protection!
Edmund attacks as you move away!
Edmund hits you with a +0 flail of protection!
* * * LOW HITPOINT WARNING * * *
Edmund attacks as you move away!
Edmund hits you with a +0 flail of protection.
* * * LOW HITPOINT WARNING * * *
Edmund attacks as you move away!
Edmund hits you with a +0 flail of protection!
You die...

Action                     |  1- 3 |  4- 6 || total
---------------------------+-------+-------++-------
  Melee: Short sword       |       |     3 ||     3
   Cast: Magic Dart        |    98 |    10 ||   108
         Searing Ray       |     1 |     3 ||     4
 Armour: Robe              |     2 |       ||     2
  Dodge: Dodged            |     6 |     2 ||     8

Levels and vault maps discovered:
D:1:      denvon_arrival_hothouse, layout_loops_ring, minmay_cut_off
D:2:      layout_basic, hellmonk_ecumenical_altar_heavens_door,
          minmay_misc_feat_alley, minmay_3d_cube
D:3:      layout_loops_ring, chequers_temple_overflow_statue_of_worship
D:4:      layout_loops_corners, serial_shops,
          nicolae_shop_pleasant_corner_grove, serial_forest,
          infiniplex_forest_clump_small, infiniplex_forest_straight_1,
          infiniplex_forest_clump_cross, infiniplex_forest_clump_diagonal,
          infiniplex_forest_clump_curved, infiniplex_forest_lined_3,
          infiniplex_forest_zigzag_1, infiniplex_forest_end_1,
          infiniplex_forest_lined_corner, uniq_edmund, uniq_ijyb, uniq_robin

Notes
Turn   | Place    | Note
-------+----------+-------------------------------------------
     0 | D:1      | sanka the Demigod Conjurer began the quest for the Orb.
     0 | D:1      | Reached XP level 1. HP: 14/14 MP: 5/5
   123 | D:1      | Reached skill level 2 in Spellcasting
   381 | D:1      | Reached skill level 4 in Conjurations
   401 | D:1      | Reached XP level 2. HP: 20/20 MP: 5/7
  1122 | D:1      | Reached XP level 3. HP: 26/26 MP: 3/8
  1376 | D:1      | Learned a level 2 spell: Searing Ray
  2022 | D:2      | Reached skill level 5 in Conjurations
  2576 | D:3      | Reached XP level 4. HP: 11/33 MP: 2/9
  3452 | D:4      | Noticed Ijyb
  3454 | D:4      | Noticed Edmund
  3504 | D:4      | Slain by Edmund

Vanquished Creatures
  An orc priest (D:3)
  An orc wizard (D:3)
  2 adders
  2 worms
  A dart slug (D:1)
  4 orcs (D:3)
  4 ball pythons
  3 endoplasms
  5 giant cockroaches
  3 goblins
  7 hobgoblins
  9 kobolds
  5 quokkas
  3 bats
  8 frilled lizards
  6 rats
64 creatures vanquished.
